AoeStats
← Aśoka

Arena

506478490Analyzed
2v2 RM · 17d ago on Sep 13, 2026· 62m 34s· 4 players
Game mode
Random Map
Map size
Medium (4 player)
Population
200
Speed
Normal
Resources
Standard
Victory
Conquest
Starting age
Dark Age
Ending age
Imperial Age
RankedLock teamsTeams togetherTeam positionsShared explorationLock speedFull tech treeHidden civsTurbo modeCheats
Victory
Defeat
🇩🇪 Franks · Germany
925
+12
🇩🇪 Persians · Germany
788
+18
🇮🇳 Vietnamese · India
851
-16
🇺🇸 Franks · United States
809
-14
Sykik
2:58 Loom
12:01 Feudal Age
12:32 Double-Bit Axe
16:30 Castle Age
14:36 Horse Collar
14:52 Stone Mining
14:56 Gold Mining
25:38 Bow Saw
29:28 Imperial Age
27:10 Fletching
27:47 Pikeman
29:13 Bodkin Arrow
29:55 Scale Mail Armor
30:06 Forging
32:13 Elite Skirmisher
32:57 Halberdier
33:52 Imperial Skirmisher
35:13 Heavy Plow
35:43 Squires
41:25 Bracer
Aśoka
11:18 Feudal Age
9:49 Loom
15:12 Castle Age
13:34 Double-Bit Axe
16:35 Wheelbarrow
24:53 Bow Saw
26:10 Gold Mining
26:14 Stone Mining
28:27 #83
28:14 Fletching
29:00 Forging
29:00 Squires
28:49 Gambesons
31:18 Iron Casting
31:15 Bodkin Arrow
31:45 Ballistics
31:46 Husbandry
33:28 Hand Cart
37:40 Imperial Age
35:43 Scale Barding Armor
35:38 Murder Holes
35:55 Masonry
36:29 Caravan
37:49 Padded Archer Armor
38:10 Chain Barding Armor
37:17 Elite Skirmisher
39:48 Blast Furnace
39:12 Conscription
39:34 Hoardings
40:17 Leather Archer Armor
40:38 Plate Barding Armor
41:51 Chivalry
42:14 Cavalier
44:26 Imperial Skirmisher
45:27 Paladin
54:42 Light Cavalry
56:50 Scale Mail Armor
AlexanderDerGroße
12:39 Feudal Age
19:00 Castle Age
17:37 Forging
17:18 Double-Bit Axe
20:15 Horse Collar
20:59 Bow Saw
21:14 Gold Mining
29:56 Stone Mining
31:28 Husbandry
32:34 Wheelbarrow
33:23 Iron Casting
32:54 Scale Barding Armor
32:41 Fletching
34:06 Heavy Plow
36:40 Caravan
37:46 Murder Holes
38:12 Ballistics
38:15 Chain Barding Armor
40:49 Imperial Age
42:25 Chemistry
42:29 Blast Furnace
41:24 Bodkin Arrow
42:05 Plate Barding Armor
41:28 Bodkin Arrow
40:56 Cavalier
42:01 Conscription
41:57 Citadels
42:39 Savar
46:13 Crop Rotation
48:27 Two-Man Saw
47:15 Town Watch
49:58 Hoardings
54:21 Pikeman
55:02 Squires
GrafSauerbraten
12:10 Feudal Age
16:05 Castle Age
14:10 Loom
14:24 Double-Bit Axe
17:56 Bow Saw
22:07 Town Watch
29:11 Wheelbarrow
28:37 Town Patrol
28:34 Gold Mining
28:34 Stone Mining
33:01 Imperial Age
31:03 Fletching
31:23 Forging
31:14 Scale Mail Armor
31:19 Scale Barding Armor
30:38 Pikeman
31:18 Squires
31:04 Arson
31:57 Husbandry
31:17 Light Cavalry
31:54 Bodkin Arrow
33:13 Iron Casting
33:02 Halberdier
34:48 Chemistry
34:28 Chain Barding Armor
33:30 Cavalier
34:55 Chain Mail Armor
35:38 Paladin
37:06 Ballistics
39:17 Plate Barding Armor
40:47 Blast Furnace
41:37 Chivalry
44:39 Caravan
47:27 Siege Engineers
52:31 Capped Ram
55:58 Padded Archer Armor
56:28 Plate Mail Armor
Connection lost

Rejoining the realm…

Still unreachable

The connection could not be restored.

Session expired

The server has moved on; the page needs a fresh start.